 Dungeon Crawl Stone Soup version 0.30.1-4-g462c640d31 (webtiles) character file.

Game seed: 13251463562425376563

1 Cheops the Caller (level 1, 0/13 HPs)
             Began as a Merfolk Summoner on Sept 12, 2023.
             Slain by a kobold
             ... wielding a +0 club
              (2 damage)
             ... on level 1 of the Dungeon.
             The game lasted 00:00:53 (153 turns).

Cheops the Caller (Merfolk Summoner)                 Turns: 153, Time: 00:00:54

Health: 0/13       AC:  2    Str:  8    XL:     1   Next: 20%
Magic:  2/3        EV: 12    Int: 14    God:
Gold:   13         SH:  0    Dex: 14    Spells: 3/4 levels left

rFire   . . .        (no weapon)
rCold   . . .        (no shield)
rNeg    . . .        a - +0 robe
rPois   .            (no helmet)
rElec   .            (no cloak)
rCorr   .            (no gloves)
SInv    .            (no boots)
Will    .....        (no amulet)
Stlth   ++           (no ring)
HPRegen 0.22/turn    (no ring)
MPRegen 0.08/turn

%: no passive effects
@: no status effects
A: (nimble swimmer 2), mertail
a: no special abilities


You were on level 1 of the Dungeon.
You visited 1 branch of the dungeon, and saw 1 of its levels.

You collected 13 gold pieces.

Inventory:

Armour
 a - a +0 robe (worn)
Scrolls
 c - a scroll of fog {unknown}
 d - 2 scrolls of identify {unknown}
Potions
 b - a potion of magic


   Skills:
 - Level 2.6 Dodging
 - Level 2.1 Stealth
 + Level 2.1 Spellcasting
 - Level 4.0 Summonings


You had 3 spell levels left.
You knew the following spells:

 Your Spells              Type           Power      Damage    Failure   Level
m - Summon Small Mammal   Summ           48%        N/A       4%          1

Your spell library contained the following spells:

 Spells                   Type           Power      Damage    Failure   Level
 Call Imp                 Summ           24%        N/A       7%          2
 Call Canine Familiar     Summ           12%        N/A       14%         3
 Summon Guardian Golem    Hex/Summ       7%         N/A       30%         3
 Summon Lightning Spire   Summ/Air       7%         N/A       71%         4


Dungeon Overview and Level Annotations

Branches:
Dungeon (1/15)

Altars:


Innate Abilities, Weirdness & Mutations

((You are very nimble when in or above water. (Stealth+, EV+, Speed+++)))
Your lower body shifts to a powerful aquatic tail in water.


Message History

Press: ? - help, Dir - move target, f - kobold
Aim: a kobold, wielding a +0 club and quivering stones (moderately wounded, ally target) Attack!
Your bat closely misses the kobold.
The kobold throws a stone.
The stone closely misses you.
The endoplasm quivers.
Your bat misses the kobold. You closely miss the kobold.
The kobold is moderately wounded.
Your bat hits the kobold but does no damage.
The kobold barely misses you.
You closely miss the kobold.
The kobold is moderately wounded.
Your bat hits the kobold. The kobold closely misses your bat.
Your bat hits the kobold but does no damage.
You barely miss the kobold.
The kobold is severely wounded.
Your bat hits the kobold but does no damage.
The kobold misses you.
You hit the kobold but do no damage.
The kobold is severely wounded.
Your bat barely misses the kobold.
The kobold barely misses you.
You barely miss the kobold.
The kobold is severely wounded.
Your bat misses the kobold. The kobold closely misses you.
You hit the kobold but do no damage.
The kobold is severely wounded.
Your bat closely misses the kobold.
The kobold closely misses you.
You closely miss the kobold.
The kobold is severely wounded.
Your bat barely misses the kobold.
Your bat closely misses the kobold.
The kobold misses you.
You hit the kobold but do no damage.
The kobold is severely wounded.
Your bat barely misses the kobold.
The kobold hits you with a +0 club.
* * * LOW HITPOINT WARNING * * *
You barely miss the kobold.
The kobold is severely wounded.
Your bat hits the kobold but does no damage.
The kobold hits you with a +0 club.
You die...

...#§§≈.#.≈...≈§.§≈§..#
#..≈...#.≈§≈§≈§≈≈≈.###
.##..≈.#.#..§§§..........
..#.§≈§#.#.#§§§§.########
.S..§§.#.#.#..§§.......
.....§ #.#.###.≈≈§≈.#
J...§≈ #.#...#....≈...
....S≈##.#########§≈≈≈≈
###.$@....... #.##
#....K.......
#.##.b.......
#............
......###........ ..#.#
##....... # #......
...... ......


You could see a ball python, a kobold (ally target) and a friendly bat
(summoned).

Vanquished Creatures (collateral kills)
  An endoplasm (D:1)
1 creature vanquished.

Notes
Turn   | Place    | Note
-------+----------+-------------------------------------------
     0 | D:1      | Cheops the Merfolk Summoner began the quest for the Orb.
     0 | D:1      | Reached XP level 1. HP: 13/13 MP: 3/3
   153 | D:1      | Slain by a kobold

Illustrated notes

Levels and vault maps discovered:
D:1:      psy_arrival_radial02, layout_rooms

Action                     || total
---------------------------++-------
  Melee: Unarmed           ||    13
   Cast: Summon Small Mamm ||     2
   Stab: Sleeping          ||     1
  Dodge: Dodged            ||    11
